 Dungeon Crawl Stone Soup version 0.23-a0-612-gcb482e9 (webtiles) character file.

6522 Lavandula the Slicer (level 11, 0/66 HPs)
             Began as a Halfling Enchanter on Dec 21, 2018.
             Was a Follower of Yredelemnul.
             Slain by a sixfirhy (3 damage)
             ... in a Gauntlet.
             The game lasted 00:39:56 (7302 turns).

Lavandula the Slicer (Halfling Enchanter)           Turns: 7302, Time: 00:39:58

Health: 0/66       AC:  9    Str:  9    XL:     11   Next: 20%
Magic:  6/18       EV: 18    Int: 13    God:    Yredelemnul [*.....]
Gold:   116        SH:  0    Dex: 20    Spells: 4/20 levels left

rFire    . . .     SeeInvis +   a - +1 dagger
rCold    + + +     Gourm    .   (shield restricted)
rNeg     . . .     Faith    .   c - +4 skin of Zhor {rC+++}
rPois    .         Spirit   .   g - +1 helmet
rElec    +         Reflect  .   D - +0 cloak of Vettar {rElec Int-3 Dex+4}
rCorr    .         Harm     .   (no gloves)
MR       .....     NoTele   +   (no boots)
Stlth    +++.......             (no amulet)
HPRegen  0.21/turn              A - ring of see invisible
MPRegen  0.16/turn              (no ring)

@: hasted, very quick
A: small, mutation resistance 1
a: Animate Remains, Renounce Religion


You were in a Gauntlet.
You worshipped Yredelemnul.
Yredelemnul was aware of your devotion.
You were near starving.

You visited 2 branches of the dungeon, and saw 14 of its levels.
You also visited: Sewer and Gauntlet.

You collected 272 gold pieces.
You spent 156 gold pieces at shops.

Inventory:

Hand Weapons
 a - a +1 dagger (weapon)
 b - a +3 falchion
 p - a +0 blowgun
 z - the +4 mace of Kismet {venom, Str+4 Int+9}
   (You found it on level 5 of the Dungeon)

   It poisons the flesh of those it strikes.
   It affects your strength (+4).
   It affects your intelligence (+9).
 G - a +0 long sword
Missiles
 l - 50 sling bullets
 q - 9 poisoned needles
Armour
 c - the +4 skin of Zhor (worn) {rC+++}
   (You found it on level 5 of the Dungeon)

   It renders you almost immune to cold.
 g - a +1 helmet (worn)
 y - a cursed +0 leather armour
 D - the +0 cloak of Vettar (worn) {rElec Int-3 Dex+4}
   (You found it on level 6 of the Dungeon)

   It affects your intelligence (-3).
   It affects your dexterity (+4).
   It insulates you from electricity.
 E - a +2 cloak
Magical Staves
 x - an uncursed staff of poison
Jewellery
 A - a ring of see invisible (left hand)
Wands
 v - a wand of digging (4)
 F - a wand of flame (1)
Scrolls
 f - 2 scrolls of immolation
 k - 2 scrolls of teleportation
 w - 3 scrolls of remove curse
Potions
 B - a potion of might
Miscellaneous
 m - a fan of gales (inert)
Comestibles
 d - 11 rations


   Skills:
 - Level 2.9 Fighting
 - Level 10.2 Short Blades
 - Level 2.1 Maces & Flails
 + Level 4.9 Dodging
 - Level 3.2 Stealth
 - Level 5.1 Spellcasting
 - Level 2.4 Hexes
 - Level 6.7 Summonings
 - Level 6.0 Ice Magic
 - Level 3.4 Invocations


You had 4 spell levels left.
You knew the following spells:

 Your Spells              Type           Power        Failure   Level  Hunger
a - Corona                Hex            #......      7%          1    None
b - Ensorcelled Hibernat  Hex/Ice        ##....       4%          2    ##.....
c - Confuse               Hex            #.......     21%         3    ###....
d - Dazzling Spray        Conj/Hex       #.....       34%         3    ###....
e - Summon Ice Beast      Ice/Summ       ###.....     13%         4    ####...
f - Ozocubu's Armour      Chrm/Ice       ##......     16%         3    ###....

Your spell library contained the following spells:

 Spells                   Type           Power        Failure   Level  Hunger
 Freeze                   Ice            ###.         1%          1    None
 Throw Frost              Conj/Ice       ##....       9%          2    ##.....
 Recall                   Summ/Tloc      N/A          14%         3    ###....
 Tukima's Dance           Hex            #.......     21%         3    ###....
 Throw Icicle             Conj/Ice       ##......     47%         4    ####...
 Aura of Abjuration       Summ           ###.......   32%         5    ######.
 Summon Demon             Summ           ###.......   32%         5    ######.
 Summon Mana Viper        Hex/Summ       ###.....     61%         5    ######.
 Summon Forest            Summ/Tloc      ##........   77%         5    ######.
 Shadow Creatures         Summ           N/A          87%         6    #######


Dungeon Overview and Level Annotations

Branches:
Dungeon (13/15)            Temple (1/1) D:6
   Lair: D:8-11         Orc: D:9-12      Vaults: D:13-14

Altars:
Dithmenos
Elyvilon
Kikubaaqudgha
Makhleb
Nemelex Xobeh
Ru
Sif Muna
Trog
Uskayaw
Vehumet
Wu Jian
Yredelemnul
Zin
The Shining One

Shops:
D:11 %   D:12 (   D:13 :

Annotations:
D:6 1 runed door, derval's ghost, novice DDEE
D:8 3 runed doors, TheNamelessOne's ghost, novice OpWz Gauntlet 6 transporters


Innate Abilities, Weirdness & Mutations

You are small and have problems with some larger weapons.
You are somewhat resistant to further mutation.


Message History

Aim: a sixfirhy (chance to defeat MR: 12%)
The sixfirhy resists with almost no effort.
Casting: Confuse (safe; 21% risk of failure)
Confirm with . or Enter, or press ? or * to list all spells.
Aiming: Confuse (safe; 21% risk of failure)
Press: ? - help, Shift-Dir - straight line, f/p - sixfirhy
Aim: a sixfirhy (chance to defeat MR: 12%)
The sixfirhy resists with almost no effort.
You are near starving!
Casting: Confuse (safe; 21% risk of failure)
Confirm with . or Enter, or press ? or * to list all spells.
Aiming: Confuse (safe; 21% risk of failure)
Press: ? - help, Shift-Dir - straight line, f/p - sixfirhy
Aim: a sixfirhy (chance to defeat MR: 12%)
The sixfirhy resists with almost no effort.
The sixfirhy hits you!
* * * LOW HITPOINT WARNING * * *
The sixfirhy shocks you. You resist.
You die...
Your body rises from the dead as a mindless zombie.

#####...###########.#.......8#
..................#.#........####
#.....⌠.....#######.#######.....8
#...........#©...........©#......
#####...#######################..
≈≈ZZ#...#..≈≈...≈.#.#.........#..
..≈.#...#.≈..≈..≈.#.#^#.....#.#..
≈.≈.#...#.≈.≈≈.≈≈©#.#..#####..#..
.≈.≈#...#≈.≈...≈@.#.#Y.##^# ..#..
≈..≈#...#≈..≈.≈3≈≈#.#....©. .#..
≈.≈.#...#.≈.≈≈≈3≈.#.#..##.## .#.
.≈≈.#...#.≈≈...≈..#.#.^#
..≈.#...#.≈...≈.≈.#.#^#..
.≈.[#...#[.≈}©!.≈.#.#..?"
#####...################
#...........#©..........
#.....⌠.....###


You could see an elephant and 2 sixfirhies.

Vanquished Creatures
  3 two-headed ogres
  A sixfirhy (Gauntlet)
  A flayed ghost (D:9)
  An ugly thing (D:11)
  A komodo dragon (D:9)
  A troll (D:8)
  2 hippogriffs
  A spriggan (D:8)
  A yak (D:10)
  A hungry ghost (D:9)
  An ice beast (D:6)
  3 sky beasts
  2 ogres
  A wolf (D:9)
  4 centaurs
  A bullfrog (D:5)
  2 scorpions (D:9)
  An electric eel (D:9)
  8 hounds
  An orc priest (D:5)
  A jelly (D:9)
  A centaur skeleton (D:7)
  2 orc wizards
  3 iguanas
  7 worker ants
  A killer bee zombie (D:9)
  8 adders
  An adder zombie (D:5)
  2 oozes
  A worm (D:5)
  2 dart slugs
  2 leopard geckos
  12 orcs
  2 bats
  4 giant cockroaches
  3 hobgoblins
  19 jackals
  12 kobolds
  2 quokkas
  3 ball pythons (Sewer)
  5 frilled lizards
  3 goblins
  A jackal zombie (D:6)
  A quokka zombie (D:9)
  6 rats
  A plant (Sewer)
142 creatures vanquished.

Vanquished Creatures (collateral kills)
  A hungry ghost (D:9)
  A crimson imp (D:5)
  A hound (D:9)
  An orc wizard (D:4)
  An orc (D:4)
  A frilled lizard (Sewer)
6 creatures vanquished.

Vanquished Creatures (others)
  A wizard (D:10)
  A two-headed ogre zombie (D:9)
  An orc priest (D:4)
  An iguana zombie (D:10)
  An orc zombie (D:10)
  A plant (Sewer)
  2 withered plants (D:8)
8 creatures vanquished.

Grand Total: 156 creatures vanquished

Notes
Turn   | Place    | Note
-------+----------+-------------------------------------------
     0 | D:1      | Lavandula the Halfling Enchanter began the quest for the
                  | Orb.
     0 | D:1      | Reached XP level 1. HP: 11/11 MP: 3/3
    34 | D:1      | Reached skill level 2 in Short Blades
   109 | D:1      | Reached XP level 2. HP: 17/17 MP: 4/4
   138 | D:1      | Learned a level 2 spell: Ensorcelled Hibernation
   558 | D:1      | Reached skill level 3 in Short Blades
   964 | D:2      | Reached XP level 3. HP: 13/21 MP: 2/5
  1165 | D:3      | Reached skill level 4 in Short Blades
  1165 | D:3      | Reached XP level 4. HP: 27/27 MP: 3/6
  1388 | D:4      | Reached skill level 5 in Short Blades
  1420 | D:4      | Found a glowing drain.
  1429 | Sewer    | Entered a sewer
  1898 | Sewer    | Reached XP level 5. HP: 25/31 MP: 0/7
  2203 | D:4      | Noticed a phantom
  2238 | D:4      | Reached skill level 6 in Short Blades
  2304 | D:4      | Learned a level 3 spell: Confuse
  2514 | D:5      | Entered Level 5 of the Dungeon
  2604 | D:5      | Noticed a sky beast
  2660 | D:5      | Killed a sky beast
  2660 | D:5      | Reached skill level 7 in Short Blades
  2660 | D:5      | Reached XP level 6. HP: 34/36 MP: 2/8
  3045 | D:5      | Found a large runed door.
  3045 | D:5      | Found a large runed door.
  3082 | D:5      | Found a large runed door.
  3082 | D:5      | Found a large runed door.
  3083 | D:5      | Noticed a soldier ant
  3083 | D:5      | Noticed an ogre
  3084 | D:5      | Found the +4 skin of Zhor {rC+++}
  3108 | D:5      | Reached skill level 8 in Short Blades
  3108 | D:5      | Reached XP level 7. HP: 19/41 MP: 4/9
  3115 | D:5      | Reached skill level 1 in Fighting
  3212 | D:5      | Learned a level 3 spell: Dazzling Spray
  3680 | D:5      | Reached XP level 8. HP: 50/51 MP: 5/11
  3781 | D:5      | Got a translucent mace
  3782 | D:5      | Identified the +4 mace of Kismet {venom, Str+4 Int+9} (You
                  | found it on level 5 of the Dungeon)
  3822 | D:6      | Found a runed door.
  3829 | D:6      | Noticed derval's ghost (novice DDEE)
  4121 | D:6      | Found a staircase to the Ecumenical Temple.
  4347 | D:6      | Got a polished cloak
  4353 | D:6      | Identified the cursed +0 cloak of Vettar {rElec Int-3
                  | Dex+4} (You found it on level 6 of the Dungeon)
  4394 | Temple   | Entered the Ecumenical Temple
  4409 | Temple   | Learned a level 4 spell: Summon Ice Beast
  4438 | Temple   | Became a worshipper of Yredelemnul the Dark
  4629 | D:6      | Found a burning altar of Makhleb.
  4878 | D:8      | Reached skill level 1 in Summonings
  5063 | D:8      | Reached XP level 9. HP: 48/55 MP: 7/15
  5068 | D:8      | Learned a level 3 spell: Ozocubu's Armour
  5117 | D:8      | Reached skill level 1 in Ice Magic
  5174 | D:8      | Found a runed gate.
  5175 | D:8      | Found a runed gate.
  5175 | D:8      | Found a runed gate.
  5177 | D:8      | Noticed TheNamelessOne's ghost (novice OpWz)
  5458 | D:9      | Noticed a troll
  5610 | D:8      | Killed a troll
  5871 | D:9      | Reached skill level 5 in Ice Magic
  6047 | D:9      | Noticed a komodo dragon
  6072 | D:9      | Killed a komodo dragon
  6072 | D:9      | Reached * piety under Yredelemnul
  6240 | D:9      | Found a runed door.
  6240 | D:9      | Noticed a two-headed ogre
  6243 | D:9      | Killed a two-headed ogre
  6243 | D:9      | Reached skill level 5 in Summonings
  6243 | D:9      | Reached XP level 10. HP: 47/62 MP: 16/16
  6247 | D:9      | Noticed a flayed ghost
  6249 | D:9      | Killed a flayed ghost
  6279 | D:9      | Noticed an ogre mage
  6279 | D:9      | Noticed a stone giant
  6311 | D:10     | Entered Level 10 of the Dungeon
  6331 | D:10     | Noticed a two-headed ogre
  6341 | D:10     | Killed a two-headed ogre
  6362 | D:9      | Reached skill level 5 in Spellcasting
  6394 | D:9      | Reached skill level 9 in Short Blades
  6564 | D:10     | Noticed a two-headed ogre
  6569 | D:10     | Killed a two-headed ogre
  6569 | D:10     | Reached skill level 10 in Short Blades
  6576 | D:11     | Noticed a two-headed ogre
  6698 | D:10     | Reached skill level 1 in Invocations
  6761 | D:10     | Found a bloodstained altar of Trog.
  6762 | D:10     | Noticed a wizard
  6767 | D:10     | Killed a wizard
  6804 | D:11     | Found Woybrunai's Food Shop.
  6806 | D:11     | Noticed a red ugly thing
  6868 | D:11     | Killed a red ugly thing
  6868 | D:11     | Reached XP level 11. HP: 60/66 MP: 13/18
  6922 | D:12     | Found Icwuxeg's Antique Weapon Boutique.
  6933 | D:12     | Bought a glowing falchion for 156 gold pieces
  7005 | D:12     | You fall through a shaft!
  7005 | D:13     | Found Irhol's Book Emporium.
  7006 | D:13     | Noticed a two-headed ogre
  7049 | D:12     | Found a gate leading to a gauntlet.
  7058 | Gauntlet | Entered a Gauntlet
  7058 | Gauntlet | Found a transporter.
  7058 | Gauntlet | Found a transporter.
  7062 | Gauntlet | Found a transporter.
  7069 | Gauntlet | Found a transporter.
  7086 | Gauntlet | Noticed a sixfirhy
  7088 | Gauntlet | Found a transporter.
  7089 | Gauntlet | Found the +3 pair of gauntlets of War {Slay+5}
  7090 | Gauntlet | Found a transporter.
  7090 | Gauntlet | Found a transporter.
  7090 | Gauntlet | Noticed a sixfirhy
  7106 | Gauntlet | Found a transporter.
  7225 | Gauntlet | Found a transporter.
  7264 | Gauntlet | Noticed a sixfirhy
  7264 | Gauntlet | Noticed an elephant
  7291 | Gauntlet | Killed a sixfirhy
  7302 | Gauntlet | HP: 3/66 [sixfirhy (12)]
  7302 | Gauntlet | Slain by a sixfirhy

Vault maps used:
D:1:      dpeg_arrival_arbitrary_c
D:2:      fedhas_ov_isle_minmay
D:3:      st_stairs_9
D:4:      kennysheep_kobold_camp, portal_sewer_entry_d, uniq_menkaure
D:5:      marbit_many_paths, first_ration, minmay_hollow_rounded_squares
D:6:      makhleb_heckhound_becter, overflow_temple_1_default,
          minmay_temple_entry_ruins, hellmonk_ghost_happy_afterlife,
          kennysheep_cluttered_room, uniq_edmund
D:7:      regret_index_temple_of_mockery, cheibriados_altar_1,
          okawaru_gym_becter, gammafunk_ghost_necromancy, basic_altar
D:8:      nicolae_overflow_hidden_temple, gammafunk_ghost_cemetery, the_bakery
D:9:      erik_lair_island, minivault_13
D:10:     trog_wizard
D:11:     ebering_ghost_reflecting_pool, serial_shops, shop,
          nicolae_shop_behind_doors, kennysheep_little_box, shop,
          nicolae_shop_waterfront, uniq_josephine
D:12:     serial_shops, nicolae_shop_waterfront, gauntlet_entry_generic,
          minmay_diamond_spiral
D:13:     erik_vaults_1, basic_altar, serial_shops, shop, minmay_misc_feat_x
Temple:   nicolae_temple_god_jail
Sewer:    sewer_co_scattered_pipes
Gauntlet: gammafunk_gauntlet_branching

Skill      XL: |  1  2  3  4  5  6  7  8  9 10 11 |
---------------+----------------------------------+-----
Short Blades   | 2 3 4 5 7 8 10 | 10.2
Fighting       | 2 |  2.9
Spellcasting   | 2 4 5 |  5.1
Maces & Flails | 2 |  2.1
Summonings     | 2 5 6 |  6.7
Ice Magic      | 6 |  6.0
Invocations    | 3 |  3.4
Dodging        | 4 |  4.9
Stealth        | |  3.2
Hexes          | |  2.4

Action                   |  1- 3 |  4- 6 |  7- 9 | 10-12 || total
-------------------------+-------+-------+-------+-------++-------
Melee: Dagger            |    74 |   399 |   180 |    52 ||   705
       Mace              |       |       |     3 |       ||     3
       Falchion          |       |       |       |     7 ||     7
 Fire: Blowgun           |       |     5 |     1 |       ||     6
 Cast: Corona            |    12 |     6 |       |       ||    18
       Ensorcelled Hiber |     2 |    25 |    68 |     9 ||   104
       Confuse           |       |       |     3 |    13 ||    16
       Dazzling Spray    |       |       |     3 |    11 ||    14
Invok: Animate Remains   |       |       |       |     4 ||     4
Evoke: Wand              |       |     4 |    18 |     2 ||    24
       Fan of gales      |       |       |       |     1 ||     1
  Use: Scroll            |       |     2 |     4 |     7 ||    13
       Potion            |       |     1 |     3 |    10 ||    14
 Stab: Sleeping          |     8 |    16 |    35 |     7 ||    66
       Confused          |       |       |     2 |     2 ||     4
       Invisible         |       |       |     1 |     4 ||     5
  Eat: Chunk             |     1 |     7 |    12 |     2 ||    22
       Ration            |       |     1 |     1 |     1 ||     3
Armor: Robe              |     4 |    24 |     7 |       ||    35
       Animal skin       |       |       |    31 |    13 ||    44
       Skin              |       |       |       |    21 ||    21
Dodge: Dodged            |    44 |   146 |   159 |    70 ||   419
       Rpst.: Falchion   |       |       |       |     5 ||     5

Table legend:
 A = Non-vault XP
 B = Vault XP
 C = Vault XP percentage of total XP
 D = Non-vault monster count
 E = Vault monster count
 F = Vault count percentage of total count
                 A         B        C        D         E       F
            +---------+---------+-------+---------+---------+-------
      Total |    5407 |    3911 |  42.0 |     103 |      45 |  30.4
            +---------+---------+-------+---------+---------+-------
        D:1 |      27 |       0 |   0.0 |      16 |       0 |   0.0
        D:2 |       2 |       0 |   0.0 |       2 |       0 |   0.0
        D:3 |      33 |      37 |  52.9 |       8 |       3 |  27.3
        D:4 |      30 |      40 |  57.1 |       9 |       1 |  10.0
        D:5 |     558 |     601 |  51.9 |      24 |      10 |  29.4
        D:6 |     250 |      42 |  14.4 |       8 |       1 |  11.1
        D:7 |      53 |       0 |   0.0 |       2 |       0 |   0.0
        D:8 |     444 |     556 |  55.6 |      10 |       3 |  23.1
        D:9 |    1173 |    1855 |  61.3 |      12 |       7 |  36.8
       D:10 |    1991 |       0 |   0.0 |       6 |       0 |   0.0
       D:11 |     536 |       0 |   0.0 |       1 |       0 |   0.0
       D:12 |     310 |       0 |   0.0 |       5 |       0 |   0.0
      Sewer |       0 |      43 | 100.0 |       0 |      19 | 100.0
   Gauntlet |       0 |     737 | 100.0 |       0 |       1 | 100.0
            +---------+---------+-------+---------+---------+-------
